 Seeded DCSS version 0.28.0-53-g5a82cb258f (webtiles) character file.

Game seed: 8123776248643956843 (custom seed)

80 Kranky the Prestidigitator (level 4, -1/32 HPs)
             Began as a Gnoll Wanderer on June 24, 2022.
             Slain by a gnoll
             ... wielding a +0 spear
              (9 damage)
             ... on level 3 of the Dungeon.
             The game lasted 00:03:35 (2251 turns).

Kranky the Prestidigitator (Gnoll Wanderer)         Turns: 2251, Time: 00:03:35

Health: -1/32      AC:  5    Str: 14    XL:     4   Next: 39%
Magic:  5/5        EV: 11    Int: 12    God:
Gold:   140        SH:  0    Dex: 10    Spells: 5/5 levels left

rFire   . . .      SeeInvis .   j - +4 spear
rCold   . . .      Faith    .   (no shield)
rNeg    . . .      Spirit   .   f - +0 ring mail
rPois   .          Reflect  .   (no helmet)
rElec   .          Harm     .   (no cloak)
rCorr   .          Rampage  .   (no gloves)
Will    .....                   (no boots)
Stlth   ++........              (no amulet)
HPRegen 0.10/turn               (no ring)
MPRegen 0.09/turn               (no ring)

@: no status effects
A: fangs 1, strong nose, distributed training
a: no special abilities


You were on level 3 of the Dungeon.
You visited 1 branch of the dungeon, and saw 3 of its levels.

You collected 140 gold pieces.

Inventory:

Hand Weapons
 a - a +0 club
 h - a +0 short sword of draining
 j - a +4 spear (weapon)
Missiles
 o - 2 poisoned darts
Armour
 d - a +0 robe
 f - a +0 ring mail (worn)
Scrolls
 c - 2 scrolls of teleportation
 i - a scroll of identify {unknown}
 m - a scroll of fog {unknown}
 n - a scroll of amnesia {unknown}
Potions
 b - a potion of lignification
 g - 2 potions of magic {unknown}
 k - a potion of cancellation {unknown}
 l - 2 potions of heal wounds {unknown}
 p - a potion of flight {unknown}
Miscellaneous
 e - a box of beasts (quivered)


   Skills:
 + Level 1.1 Fighting
 + Level 1.1 Short Blades
 + Level 1.1 Long Blades
 + Level 1.1 Axes
 + Level 1.1 Maces & Flails
 + Level 1.1 Polearms
 + Level 1.1 Staves
 + Level 1.1 Slings
 + Level 1.1 Bows
 + Level 1.1 Crossbows
 + Level 1.1 Throwing
 + Level 2.7 Armour
 + Level 2.7 Dodging
 + Level 4.2 Stealth
 + Level 1.1 Shields
 + Level 4.6 Unarmed Combat
 + Level 1.1 Spellcasting
 + Level 0.9 Conjurations
 + Level 0.9 Hexes
 + Level 0.9 Summonings
 + Level 0.9 Necromancy
 + Level 0.9 Translocations
 + Level 0.9 Transmutations
 + Level 0.9 Fire Magic
 + Level 0.9 Ice Magic
 + Level 0.9 Air Magic
 + Level 0.9 Earth Magic
 + Level 0.9 Poison Magic
 + Level 1.2 Invocations
 + Level 8.5 Evocations


You had 5 spell levels left.
You didn't know any spells.
Your spell library was empty.

Dungeon Overview and Level Annotations

Branches:
Dungeon (3/15)

Altars:


Innate Abilities, Weirdness & Mutations

You have very sharp teeth.
Your uncanny sense of smell can sniff out nearby items.
Your experience applies equally to all skills.


Message History

You reach to attack!
You barely miss the gnoll.
The gnoll is severely wounded.
The gnoll hits you from afar with a +0 spear.
The gnoll completely misses you.
You reach to attack!
You barely miss the gnoll.
The gnoll is severely wounded.
The gnoll barely misses you. x2
You reach to attack!
You hit the gnoll.
The gnoll is almost dead.
The gnoll hits you from afar with a +0 spear.
The gnoll shaman calls upon its god to heal the gnoll.
The gnoll is healed somewhat.
You are too injured to fight recklessly!
You are too injured to fight recklessly!
You are too injured to fight recklessly!
You are too injured to fight recklessly!
You are too injured to fight recklessly!
Unknown command.
The gnoll shaman calls upon its god to heal the gnoll.
The gnoll is healed somewhat.
The gnoll hits you from afar with a +0 spear.
The gnoll hits you from afar with a +0 spear.
The gnoll hits you from afar with a +0 spear.
* * * LOW HITPOINT WARNING * * *
You see here a jackal skeleton.
The gnoll hits you but does no damage.
You closely miss the gnoll. The gnoll hits you but does no damage.
The gnoll barely misses you.
You barely miss the gnoll. The gnoll hits you with a +0 spear.
* * * LOW HITPOINT WARNING * * *
The gnoll hits you with a +0 spear.
* * * LOW HITPOINT WARNING * * *
You closely miss the gnoll. The gnoll barely misses you.
You hit the gnoll.
The gnoll is heavily wounded.
The gnoll barely misses you.
You hit the gnoll shaman.
The gnoll shaman is lightly wounded.
The gnoll hits you from afar with a +0 spear!
You die...

########.# #.#########
#.........#### #######......#
#......# ########## #......#
#......... ###'#### #.########
#.# #.# #.... ##### #@#
#.####.### #...#######g#
#.#.†.....
######.........g.#######.#.###.##
.....'...............)...>.....#
######...g##############.#.#####
###..# #.#.# #..# #####.#<# #..#
#.......###### #### #..#
#.............


You could see a gnoll shaman and a gnoll (fast).

Vanquished Creatures
  2 gnolls (D:3)
  An adder (D:2)
  A dart slug (D:3)
  2 bats
  5 endoplasms
  4 giant cockroaches
  4 goblins
  4 hobgoblins
  9 jackals
  A quokka (D:3)
  A frilled lizard (D:1)
  5 kobolds
  3 rats
42 creatures vanquished.

Vanquished Creatures (collateral kills)
  A hobgoblin (D:1)
  A ball python (D:1)
  A kobold (D:1)
3 creatures vanquished.

Grand Total: 45 creatures vanquished

Notes
Turn   | Place    | Note
-------+----------+-------------------------------------------
     0 | D:1      | Kranky the Gnoll Wanderer began the quest for the Orb.
     0 | D:1      | Kranky set off with the following items: a +0 club, a
                  | potion of lignification, a scroll of teleportation, a +0
                  | robe, a box of beasts
     0 | D:1      | Reached XP level 1. HP: 13/13 MP: 1/1
   456 | D:1      | Found a faded altar of an unknown god.
   484 | D:1      | Reached XP level 2. HP: 19/19 MP: 2/2
   987 | D:2      | Reached XP level 3. HP: 25/25 MP: 3/3
  1395 | D:2      | Reached skill level 1 in Invocations
  1752 | D:3      | Reached skill level 1 in Fighting
  1752 | D:3      | Reached skill level 1 in Short Blades
  1752 | D:3      | Reached skill level 1 in Long Blades
  1752 | D:3      | Reached skill level 1 in Axes
  1752 | D:3      | Reached skill level 1 in Maces & Flails
  1752 | D:3      | Reached skill level 1 in Polearms
  1752 | D:3      | Reached skill level 1 in Staves
  1752 | D:3      | Reached skill level 1 in Slings
  1752 | D:3      | Reached skill level 1 in Bows
  1752 | D:3      | Reached skill level 1 in Crossbows
  1752 | D:3      | Reached skill level 1 in Throwing
  1752 | D:3      | Reached skill level 1 in Shields
  1752 | D:3      | Reached skill level 1 in Spellcasting
  2025 | D:3      | Reached XP level 4. HP: 30/32 MP: 5/5
  2251 | D:3      | Slain by a gnoll

Illustrated notes

Levels and vault maps discovered:
D:1:      tarquinn_simple_flora_water_c, layout_rooms, basic_ecumenical_altar
D:2:      layout_loops_ring, minmay_misc_feat_rows
D:3:      layout_basic

Skill      XL: |  1  2  3 |
---------------+----------+-----
Invocations    | 1 |  1.2
Fighting       | 1 |  1.1
Short Blades   | 1 |  1.1
Long Blades    | 1 |  1.1
Axes           | 1 |  1.1
Maces & Flails | 1 |  1.1
Polearms       | 1 |  1.1
Staves         | 1 |  1.1
Slings         | 1 |  1.1
Bows           | 1 |  1.1
Crossbows      | 1 |  1.1
Throwing       | 1 |  1.1
Shields        | 1 |  1.1
Spellcasting   | 1 |  1.1
Armour         | |  2.7
Dodging        | |  2.7
Stealth        | |  4.2
Unarmed Combat | |  4.6
Conjurations   | |  0.9
Hexes          | |  0.9
Summonings     | |  0.9
Necromancy     | |  0.9
Translocations | |  0.9
Transmutations | |  0.9
Fire Magic     | |  0.9
Ice Magic      | |  0.9
Air Magic      | |  0.9
Earth Magic    | |  0.9
Poison Magic   | |  0.9
Evocations     | |  8.5

Action                   |  1- 3 |  4- 6 || total
-------------------------+-------+-------++-------
Melee: Club              |    22 |       ||    22
       Bite              |    10 |     1 ||    11
       Short sword       |    88 |     5 ||    93
       Spear             |       |    19 ||    19
Throw: Dart              |       |     3 ||     3
Evoke: Box of beasts     |     1 |       ||     1
 Stab: Sleeping          |     3 |       ||     3
Armor: Ring mail         |    33 |     6 ||    39
Dodge: Dodged            |    62 |    15 ||    77
